 Dungeon Crawl Stone Soup version 0.25-a0-632-g7713895373 (webtiles) character file.

Game seed: 13803524335405746783, levelgen mode: deterministic

9305 kae the Martial Artist (level 11, -2/95 HPs)
             Began as a Red Draconian Transmuter on Mar 19, 2020.
             Was a Priest of Wu Jian.
             Slain by a gnoll
             ... wielding a +4 halberd of electrocution
              (11 damage)
             ... in a bailey.
             The game lasted 00:16:10 (11964 turns).

kae the Martial Artist (Red Draconian Transmuter)  Turns: 11964, Time: 00:16:11

Health: -2/95      AC: 10    Str: 13    XL:     11   Next: 21%
Magic:  0/31       EV: 12    Int: 13    God:    Wu Jian [***...]
Gold:   461        SH:  0    Dex: 18    Spells: 14/25 levels left

rFire    + . .     SeeInvis .     - Unarmed
rCold    . . .     Gourm    .   (shield currently unavailable)
rNeg     . . .     Faith    .   (armour unavailable)
rPois    .         Spirit   +   (helmet restricted)
rElec    .         Reflect  .   p - +0 cloak {MR+}
rCorr    .         Harm     .   (gloves currently unavailable)
MR       +....                  b - +0 pair of boots (curse)
Stlth    ++........             e - amulet of guardian spirit
HPRegen  0.25/turn              w - ring of magical power
MPRegen  0.22/turn              A - +3 ring of dexterity

@: blade hands
A: breathe fire, unfitting armour, fire resistance 1, shaggy fur 1,
cold-blooded, AC +7
a: Breathe Fire, End Transformation, Wall Jump, Serpent's Lash, Renounce
Religion


You were in a bailey.
You worshipped Wu Jian.
Wu Jian was most pleased with you.
You were not hungry.
You had blades for hands.
You visited 2 branches of the dungeon, and saw 11 of its levels.
You also visited: Bailey.

You collected 461 gold pieces.

Inventory:

Missiles
 a - 92 arrows
Armour
 b - a cursed +0 pair of boots (worn)
 p - a +0 cloak of magic resistance (worn)
Jewellery
 e - an amulet of guardian spirit (around neck)
 w - a ring of magical power (left scythe-like blade)
 A - a +3 ring of dexterity (right scythe-like blade)
 C - an uncursed ring of flight {unknown}
Wands
 u - a wand of flame (19)
 v - a wand of iceblast (18)
 y - a wand of disintegration (6)
 B - a wand of acid (10)
Scrolls
 h - 2 scrolls of enchant weapon
 l - 2 scrolls of teleportation
 m - 3 scrolls of immolation
 s - 4 scrolls of amnesia
Potions
 d - a potion of haste
 f - a potion of curing
 g - a potion of stabbing
 i - 2 potions of cancellation
 j - 7 potions of might
 k - 2 potions of berserk rage
 n - 3 potions of flight
 o - a potion of magic
 q - a potion of lignification {unknown}
 r - a potion of mutation
 x - a potion of ambrosia
 z - a potion of brilliance {unknown}
Comestibles
 c - 16 rations
 t - a chunk of flesh


   Skills:
 + Level 8.6 Fighting
 - Level 1.7 Dodging
 * Level 11.5 Unarmed Combat
 + Level 7.5 Spellcasting
 + Level 8.1 Transmutations


You had 14 spell levels left.
You knew the following spells:

 Your Spells              Type           Power        Failure   Level  Hunger
a - Beastly Appendage     Tmut           ####..       12%         1    None
b - Sticks to Snakes      Tmut           ####....     14%         2    #......
c - Spider Form           Tmut/Pois      ###.......   43%         3    ##.....
d - Blade Hands           Tmut           ####......   54%         5    ######.

Your spell library contained the following spells:

 Spells                   Type           Power        Failure   Level  Hunger
 Shock                    Conj/Air       #...         54%         1    None
 Swiftness                Chrm/Air       #.......     65%         2    #......
 Ice Form                 Ice/Tmut       ###.....     69%         4    ####...
 Static Discharge         Conj/Air       #.......     82%         3    ##.....
 Airstrike                Air            #.........   98%         4    ####...
 Lightning Bolt           Conj/Air       #.........   100%        5    ######.


Dungeon Overview and Level Annotations

Branches:
Dungeon (10/15)            Temple (1/1) D:6          Bailey (1/1)
   Lair: D:8-11         Orc: D:9-12

Altars:
Ashenzari
Cheibriados
Dithmenos
Elyvilon
Fedhas
Gozag
Hepliaklqana
Kikubaaqudgha
Makhleb
Nemelex Xobeh
Okawaru
Qazlal
Ru
Sif Muna
Trog
Uskayaw
Vehumet
Wu Jian
Xom
Yredelemnul
Zin
The Shining One

Shops:
D:6 (   D:8 (

Annotations:
D:9 Erolcha


Innate Abilities, Weirdness & Mutations

You can breathe blasts of fire.
Your fiery red scales are hard. (AC +7)
You cannot fit into any form of body armour.
Your flesh is heat resistant. (rF+)
You are cold-blooded and may be slowed by cold attacks.
You are covered in fur. (AC +1)


Message History

You barely miss the orc knight. You slash the orc knight.
The orc knight is almost dead.
The gnoll barely misses you.
The gnoll hits you from afar with a +4 halberd of electrocution.
You barely miss the orc knight.
The orc knight is almost dead.
The orc knight hits you with a +2 battleaxe!
* * * LOW HITPOINT WARNING * * *
The gnoll hits you from afar with a +0 halberd.
* * * LOW HITPOINT WARNING * * *
The gnoll hits you from afar with a +4 halberd of electrocution!
* * * LOW HITPOINT WARNING * * *
You closely miss the orc knight.
The orc knight is almost dead.
You slice the orc knight!!
You kill the orc knight!
The Council accepts your kill. The gnoll misses you.
The gnoll hits you but does no damage.
You are electrocuted!
You die...

## ### ## ### #'# #.#
#. # #.# #.###)#
#'##'##' #'##)##(##
#.....# #...((##
###.....#####....)###
#.'..⌠..' #.'..⌠..'.#
#...(g# ###.....###
#!..g)## ##.....##
#'##'##@###'##'##'##
# ##('.###.###.#
##### ### ###


You could see 2 gnolls.

Vanquished Creatures
  A two-headed ogre (D:7)
  An orc knight (Bailey)
  The ghost of Homis the Unseen, a novice SpAs of Dithmenos (D:9)
  Maurice (D:8)
  Joseph (D:8)
  A hornet (D:8)
  A troll (D:9)
  Prince Ribbit (D:8)
  2 hippogriffs
  A vampire (D:9)
  Sigmund (D:4)
  A hungry ghost (D:7)
  Menkaure (D:5)
  Duvessa (D:6)
  3 orc warriors
  4 ice beasts
  4 phantoms
  5 sky beasts
  5 necrophages (D:7)
  3 centaurs
  9 ogres
  A big kobold (D:9)
  6 bullfrogs
  A wyvern zombie (D:7)
  3 killer bees (D:8)
  2 scorpions
  Dowan (D:6)
  9 wights (D:7)
  2 howler monkeys
  6 crimson imps
  A jelly (D:9)
  A quasit (D:10)
  2 hounds (D:9)
  A bullfrog skeleton (D:5)
  2 orc priests (D:10)
  4 orc wizards
  Ijyb (D:5)
  4 iguanas
  11 worker ants
  A killer bee zombie (D:7)
  A hound skeleton (D:4)
  A mummy (D:7)
  A worker ant zombie (D:5)
  9 gnolls (Bailey)
  21 adders
  A shadow imp (D:10)
  4 oozes
  3 adder skeletons
  2 adder zombies
  3 worms
  4 dart slugs
  2 leopard geckos
  29 orcs
  A ball python (D:5)
  4 giant cockroaches
  8 goblins
  17 hobgoblins
  11 jackals
  25 kobolds
  8 bats
  5 frilled lizards
  2 jackal skeletons (D:4)
  8 rats
277 creatures vanquished.

Vanquished Creatures (collateral kills)
  A worm (D:3)
1 creature vanquished.

Grand Total: 278 creatures vanquished

Notes
Turn   | Place    | Note
-------+----------+-------------------------------------------
     0 | D:1      | kae the Draconian Transmuter began the quest for the Orb.
     0 | D:1      | Reached XP level 1. HP: 16/16 MP: 3/3
   246 | D:1      | Reached XP level 2. HP: 20/23 MP: 3/5
   830 | D:1      | Reached XP level 3. HP: 24/29 MP: 3/6
  1119 | D:2      | Found a shattered altar of Ashenzari.
  1119 | D:2      | Found an ornate altar of the Wu Jian Council.
  1277 | D:2      | Found a glowing golden altar of the Shining One.
  1573 | D:2      | Reached XP level 4. HP: 35/36 MP: 5/7
  1685 | D:2      | Reached skill level 4 in Unarmed Combat
  2403 | D:3      | Learned a level 2 spell: Sticks to Snakes
  2407 | D:3      | Learned a level 3 spell: Spider Form
  2632 | D:3      | Found a faded altar of an unknown god.
  2721 | D:3      | Reached XP level 5. HP: 35/42 MP: 5/9
  2862 | D:4      | Noticed Sigmund
  2880 | D:4      | Killed Sigmund
  2880 | D:4      | Reached XP level 6. HP: 51/51 MP: 3/10
  2953 | D:4      | Reached skill level 5 in Unarmed Combat
  3412 | D:4      | Your scales start taking on a fiery red colour.
  3412 | D:4      | Reached XP level 7. HP: 36/57 MP: 6/12
  3412 | D:4      | Gained mutation: Your flesh is heat resistant. (rF+) [Red
                  | Draconian growth]
  4561 | D:5      | Entered Level 5 of the Dungeon
  4561 | D:5      | Noticed Menkaure
  4563 | D:5      | Killed Menkaure
  4563 | D:5      | Reached skill level 6 in Unarmed Combat
  4600 | D:5      | Reached XP level 8. HP: 52/67 MP: 9/14
  4977 | D:5      | Reached skill level 7 in Unarmed Combat
  5042 | D:5      | Reached skill level 5 in Fighting
  5042 | D:5      | Reached skill level 5 in Transmutations
  5151 | D:5      | Noticed Ijyb
  5153 | D:5      | Killed Ijyb
  5503 | D:6      | Noticed Dowan
  5600 | D:6      | Killed Dowan
  5634 | D:6      | Noticed Duvessa
  5642 | D:6      | Killed Duvessa
  5642 | D:6      | Reached skill level 8 in Unarmed Combat
  5642 | D:6      | Reached skill level 5 in Spellcasting
  5779 | D:6      | Found a staircase to the Ecumenical Temple.
  5813 | D:6      | Reached XP level 9. HP: 55/74 MP: 9/16
  5903 | D:6      | Found Dula Fof's Weapon Boutique.
  5919 | D:6      | Found a shimmering altar of Xom.
  5920 | D:6      | Found a hazy altar of Hepliaklqana.
  5921 | D:6      | Noticed a spectral ugly thing
  6223 | D:6      | Found a sparkling altar of Nemelex Xobeh.
  6543 | Temple   | Entered the Ecumenical Temple
  6821 | D:2      | Became a worshipper of the Wu Jian Council
  7390 | D:7      | Reached skill level 9 in Unarmed Combat
  7552 | D:7      | Reached * piety under Wu Jian
  7679 | D:7      | Gained mutation: You are frail. (-10% HP) [potion of
                  | mutation]
  7679 | D:7      | Lost mutation: You are frail. (-10% HP) [potion of
                  | mutation]
  7679 | D:7      | Gained mutation: You are covered in fur. (AC +1) [potion of
                  | mutation]
  8066 | D:7      | Found a blossoming altar of Fedhas.
  8067 | D:7      | Found an ancient bone altar of Kikubaaqudgha.
  8090 | D:7      | Noticed a two-headed ogre
  8102 | D:7      | Killed a two-headed ogre
  8102 | D:7      | Reached skill level 10 in Unarmed Combat
  8102 | D:7      | Reached XP level 10. HP: 67/86 MP: 19/19
  8464 | D:8      | Noticed Prince Ribbit
  8482 | D:8      | Killed Prince Ribbit
  8642 | D:8      | Reached ** piety under Wu Jian
  8646 | D:8      | Found Anwiptez's Antique Weapon Emporium.
  8902 | D:8      | Noticed Joseph
  9888 | D:8      | Found a bloodstained altar of Trog.
  9932 | D:8      | Noticed Maurice
 10240 | D:8      | Found a snail-covered altar of Cheibriados.
 10418 | D:8      | Killed Joseph
 10567 | D:9      | Found a runed translucent gate.
 10568 | D:9      | Found a runed translucent gate.
 10642 | D:9      | Noticed Homis's ghost (novice SpAs)
 10790 | D:9      | Found a runed translucent gate.
 10853 | D:9      | Reached skill level 11 in Unarmed Combat
 10963 | D:9      | Noticed Erolcha
 11108 | D:8      | Killed Maurice
 11206 | D:9      | Reached XP level 11. HP: 75/95 MP: 21/21
 11366 | D:9      | Found a sacrificial altar of Ru.
 11366 | D:9      | Found a glowing silver altar of Zin.
 11367 | D:9      | Found an opulent altar of Gozag.
 11513 | D:9      | Learned a level 5 spell: Blade Hands
 11523 | D:9      | Killed Homis's ghost
 11560 | D:10     | Entered Level 10 of the Dungeon
 11631 | D:10     | Found a flagged portal.
 11690 | D:10     | Reached *** piety under Wu Jian
 11766 | Bailey   | Entered a bailey
 11941 | Bailey   | Noticed an orc knight
 11964 | Bailey   | Killed an orc knight
 11964 | Bailey   | Slain by a gnoll

Levels and vault maps discovered:
D:1:      eino_arrival_water_cross, layout_rooms
D:2:      layout_loops_ring, old_standard_altar,
          chequers_temple_overflow_statue_of_worship, small_statue_intersection
D:3:      layout_rooms, chequers_ecumenical_altar_lobes
D:4:      minmay_skewed_foursquare, layout_layer_cave, uniq_sigmund
D:5:      cheibrodos_quashed, layout_basic, first_ration,
          hangedman_abyss_or_decor_passed, uniq_ijyb, uniq_menkaure
D:6:      layout_basic, regret_index_temple_of_mockery, nemelex_altar_shiori,
          minmay_temple_entry_trees, serial_shops, shop, uniq_duvessa
D:7:      layout_basic, grunt_temple_overflow_growth_and_decay, serial_undead,
          serial_undead_c, serial_undead_a, serial_undead_f, serial_undead_e
D:8:      layout_layer_cave, lemuel_coloured_pillars_altar, kennysheep_mini,
          serial_shops, shop, uniq_prince_ribbit1, uniq_maurice, uniq_joseph
D:9:      layout_cave_pools, gammafunk_temple_overflow_claw,
          ebering_ghost_rock_garden, uniq_erolcha
D:10:     layout_roguey, enter_bailey_2, the_bakery,
          chequers_guarded_unrand_ignorance
Temple:   kb_temple_of_zot
Bailey:   bailey_axe_2, bailey

Skill      XL: |  1  2  3  4  5  6  7  8  9 10 11 |
---------------+----------------------------------+-----
Fighting       | 2 3 4 5 7 8 |  8.6
Unarmed Combat | 4 5 6 8 10 11 | 11.5
Transmutations | 3 4 5 6 7 8 |  8.1
Spellcasting   | 3 4 5 6 7 |  7.5
Dodging        | |  1.7

Action                   |  1- 3 |  4- 6 |  7- 9 | 10-12 || total
-------------------------+-------+-------+-------+-------++-------
Melee: Unarmed           |   146 |   149 |   340 |   354 ||   989
       Kick              |    12 |     8 |       |       ||    20
       Headbutt          |     9 |     3 |    11 |    13 ||    36
       Tailslap          |     8 |    16 |    30 |    32 ||    86
       Punch             |     1 |       |    12 |    12 ||    25
 Cast: Beastly Appendage |    20 |    10 |    15 |    11 ||    56
       Spider Form       |       |     7 |    11 |    14 ||    32
       Sticks to Snakes  |       |     1 |       |       ||     1
       Blade Hands       |       |       |       |     3 ||     3
Invok: Lunge             |       |       |    12 |    30 ||    42
       Whirlwind         |       |       |     1 |     2 ||     3
 Abil: Breathe Fire      |       |       |    21 |     1 ||    22
Evoke: Wand              |       |       |     4 |       ||     4
  Use: Scroll            |     3 |     4 |     4 |     8 ||    19
       Potion            |       |       |     5 |       ||     5
 Stab: Sleeping          |       |       |     1 |     4 ||     5
  Eat: Chunk             |     3 |     6 |    18 |     8 ||    35
       Ration            |       |       |     1 |     2 ||     3
Armor: Skin              |    34 |    28 |    91 |   123 ||   276
Dodge: Dodged            |    98 |    94 |   241 |   241 ||   674

Table legend:
 A = Non-vault XP
 B = Vault XP
 C = Vault XP percentage of total XP
 D = Non-vault monster count
 E = Vault monster count
 F = Vault count percentage of total count
                 A         B        C        D         E       F
            +---------+---------+-------+---------+---------+-------
      Total |    8890 |    4404 |  33.1 |     221 |      57 |  20.5
            +---------+---------+-------+---------+---------+-------
        D:1 |      47 |       0 |   0.0 |      25 |       0 |   0.0
        D:2 |     103 |       0 |   0.0 |      32 |       0 |   0.0
        D:3 |      48 |       0 |   0.0 |      18 |       0 |   0.0
        D:4 |     224 |     519 |  69.9 |      13 |       9 |  40.9
        D:5 |     996 |     208 |  17.3 |      22 |       2 |   8.3
        D:6 |     703 |     219 |  23.8 |      15 |       2 |  11.8
        D:7 |    3252 |     886 |  21.4 |      33 |      11 |  25.0
        D:8 |     944 |    1214 |  56.3 |      14 |       3 |  17.6
        D:9 |    1746 |     543 |  23.7 |      32 |       1 |   3.0
       D:10 |     827 |       0 |   0.0 |      17 |       0 |   0.0
     Bailey |       0 |     815 | 100.0 |       0 |      29 | 100.0
            +---------+---------+-------+---------+---------+-------
